 Dungeon Crawl Stone Soup version 0.24.0-10-g970556be89 (webtiles) character file.

Game seed: 12743756274938777580, levelgen mode: deterministic

4 Inarius the Grave Robber (level 1, 0/7 HPs)
             Began as a Felid Necromancer on Nov 3, 2019.
             Slain by a kobold (2 damage)
             ... on level 1 of the Dungeon.
             The game lasted 00:00:33 (459 turns).

Inarius the Grave Robber (Felid Necromancer)         Turns: 459, Time: 00:00:34

Health: 0/7        AC:  1    Str:  4    XL:     1   Next: 50%
Magic:  0/4        EV: 18    Int: 16    God:
Gold:   0          SH:  0    Dex: 16    Spells: 3/4 levels left
                                        Lives:  0   Deaths: 0

rFire    . . .     SeeInvis +   (weapon unavailable)
rCold    . . .     Gourm    .   (shield unavailable)
rNeg     . . .     Faith    .   (armour unavailable)
rPois    .         Spirit   .   (helmet unavailable)
rElec    .         Reflect  .   (cloak unavailable)
rCorr    .         Harm     .   (gloves unavailable)
MR       .....                  (boots unavailable)
Stlth    +++.......             (no amulet)
HPRegen  0.02/turn              (no ring)
MPRegen  0.09/turn              (no ring)

@: quick
A: very small, no armour, no weapons or thrown items, stealth, claws 1, fangs 3,
see invisible, carnivore, speed 1, shaggy fur 1, slow metabolism 1, sharp paws
a: no special abilities


You were on level 1 of the Dungeon.
You were full.

You visited 1 branch of the dungeon, and saw 1 of its levels.

Inventory:

Scrolls
 a - 2 scrolls of teleportation {unknown}
 c - a scroll of immolation {unknown}
Comestibles
 b - a ration


   Skills:
 + Level 2.6 Dodging
 * Level 2.9 Stealth
 + Level 2.0 Spellcasting
 * Level 4.1 Necromancy


You had 3 spell levels left.
You knew the following spells:

 Your Spells              Type           Power        Failure   Level  Hunger
a - Pain                  Necr           ##..         3%          1    #......

Your spell library contained the following spells:

 Spells                   Type           Power        Failure   Level  Hunger
 Animate Skeleton         Necr           N/A          3%          1    #......
 Vampiric Draining        Necr           ##........   12%         3    ###....
 Regeneration             Chrm/Necr      #.........   26%         3    ###....
 Animate Dead             Necr           N/A          36%         4    #####..


Dungeon Overview and Level Annotations

Branches:
Dungeon (1/15)

Altars:


Innate Abilities, Weirdness & Mutations

You cannot wear armour.
You are incapable of wielding weapons or throwing items.
Your paws allow you to move quietly. (Stealth)
You have sharp claws.
You have razor-sharp teeth.
You have supernaturally acute eyesight. (SInv)
You are carnivorous and can eat meat at any time.
You cover ground quickly.
You are covered in fur. (AC +1)
You have a slow metabolism.
Your sharp claws are effective at attacking unaware monsters.


Message History

The kobold throws a stone.
The stone barely misses you.
The kobold throws a stone.
The stone closely misses you.
You start resting.
The kobold is too close now for your liking.
Casting: Pain (safe; 3% risk of failure)
Confirm with . or Enter, or press ? or * to list all spells.
Aiming: Pain (safe; 3% risk of failure)
Press: ? - help, Shift-Dir - straight line, f/p - kobold
Aim: a kobold (chance to defeat MR: 85%)
The kobold writhes in agony.
The kobold misses you.
You barely miss the kobold.
The kobold is moderately wounded.
The kobold misses you.
You closely miss the kobold.
The kobold is moderately wounded.
The kobold completely misses you.
You miss the kobold.
The kobold is moderately wounded.
The kobold hits you.
You die...

#.############## #....(....K..†(.
#####.##.######.
#######.#..........
#......K..).#######
######.######.#..#
######...P.KP.P..######
#####......§§.§.@.........#####
#.....§§...§≈≈§..≈≈≈).........###
.....≈§≈≈≈≈§§≈..P≈≈≈≈≈≈≈≈≈......#
§§≈≈≈.≈§≈≈≈≈§§§P.≈≈≈≈≈≈≈≈≈≈≈≈....
§§≈..#§§≈≈§§#######≈≈≈≈≈≈#≈≈≈≈≈≈.
§#≈.≈#≈§≈≈### ###≈≈≈≈#≈≈≈#≈≈≈
≈#≈≈.#≈≈≈## ##≈≈≈#≈≈≈#≈≈≈
§#≈.≈#≈≈≈# #≈≈≈#≈≈≈#≈≈≈
§#§§§#§≈≈# #≈≈≈#≈≈≈#≈≈≈


You could see a kobold.

Vanquished Creatures
  A bat (D:1)
  A goblin (D:1)
  A hobgoblin (D:1)
  A fungus (D:1)
4 creatures vanquished.

Notes
Turn   | Place    | Note
-------+----------+-------------------------------------------
     0 | D:1      | Inarius the Felid Necromancer began the quest for the Orb.
     0 | D:1      | Reached XP level 1. HP: 7/7 MP: 4/4
   459 | D:1      | Slain by a kobold

Levels and vault maps discovered:
D:1:      dpeg_arrival_water_fire, layout_loops_ring, minmay_misc_feat_chi

Action                   || total
-------------------------++-------
Melee: Unarmed           ||    34
       Bite              ||     7
 Cast: Pain              ||     7
  Eat: Chunk             ||     4
Armor: Skin              ||     2
Dodge: Dodged            ||    15
